 Dungeon Crawl Stone Soup version 0.32-a0-996-gb3226c233f (webtiles) character file.

Game seed: 18370810222024914356

794 Dittersdorf the Shield-Bearer (level 7, -2/45 HPs)
             Began as a Gargoyle Fighter on Apr 23, 2024.
             Slain by Prince Ribbit (6 damage)
             ... on level 5 of the Dungeon.
             The game lasted 00:03:28 (3814 turns).

Dittersdorf the Shield-Bearer (Gargoyle Fighter)    Turns: 3814, Time: 00:03:28

Health: -2/45      AC: 14    Str: 22    XL:     7   Next: 89%
Magic:  5/7        EV:  8    Int: 14    God:
Gold:   289        SH:  4    Dex:  9    Spells: 6/6 levels left

rFire   . . .        j - +4 flail (freeze)
rCold   . . .        c - +0 buckler
rNeg    + . .        b - +0 scale mail
rPois   ∞            o - +0 helmet
rElec   +            (no cloak)
rCorr   .            k - +0 pair of gloves
SInv    .            (no boots)
Will    .....        h - amulet of the acrobat Stlth
                     i - +6 ring of intelligence
HPRegen 0.27/turn    (no ring)
MPRegen 0.10/turn

%: acrobat
@: no status effects
A: sickness immunity, AC +4, negative energy resistance 1, electricity
resistance, torment resistance 1, petrification resistance
a: no special abilities


You were on level 5 of the Dungeon.
You visited 1 branch of the dungeon, and saw 5 of its levels.

You collected 289 gold pieces.

Inventory:

Hand Weapons
 j - a +4 flail of freezing (weapon)
Armour
 b - a +0 scale mail (worn)
 c - a +0 buckler (worn)
 k - a +0 pair of gloves (worn)
 o - a +0 helmet (worn)
Jewellery
 h - an amulet of the acrobat (around neck)
 i - a +6 ring of intelligence (left hand)
Scrolls
 e - a scroll of summoning
 f - 2 scrolls of enchant weapon
 l - a scroll of teleportation
Potions
 d - 2 potions of might
 g - a potion of curing {unknown}
 m - a potion of cancellation {unknown}
 q - 2 potions of ambrosia
 r - 3 potions of mutation


   Skills:
 + Level 5.6 Fighting
 + Level 4.6 Maces & Flails
 + Level 5.7 Armour
 + Level 5.7 Shields


You had 6 spell levels left.
You didn't know any spells.
Your spell library contained the following spells:

 Spells                   Type           Power      Damage    Failure   Level
 Call Imp                 Summ           0%         N/A       77%         2
 Summon Hydra             Summ           0%         N/A       100%        7
 Sublimation of Blood     Necr           Unusable   N/A       N/A         2

Dungeon Overview and Level Annotations

Branches:
Dungeon (5/15)
 Temple: D:4-7

Altars:
Ru

Shops:
D:3 (

Annotations:
D:4 2 transporters, Cancer's ghost, amateur OpSh
D:5 Prince Ribbit


Innate Abilities, Weirdness & Mutations

You are immune to sickness and miasma.
Your stone body is resilient. (AC +4)
You are immune to poison.
You resist negative energy. (rN+)
You are resistant to electric shocks. (rElec)
You are resistant to unholy torment.
You are immune to petrification.


Message History

You hit the gnoll. You freeze the gnoll.
The gnoll is almost dead.
The gnoll barely misses you. You block the gnoll's attack.
Prince Ribbit hits you. The gnoll closely misses you.
The gnoll hits you from afar with a +1 antimagic halberd!
You feel your power leaking away.
You completely miss the gnoll.
The gnoll is almost dead.
Prince Ribbit hits you but does no damage.
Prince Ribbit hits you!
The gnoll hits you but does no damage. x2
You thump the gnoll! You freeze the gnoll.
You kill the gnoll!
Prince Ribbit hits you!
* * * LOW HITPOINT WARNING * * *
The gnoll closely misses you. Prince Ribbit hits you.
* * * LOW HITPOINT WARNING * * *
Prince Ribbit attacks as he pursues you!
Prince Ribbit hits you but does no damage.
The gnoll completely misses you.
Things that are here:
a +0 whip of draining; a +0 whip; a gnoll corpse You hit the gnoll.
You freeze the gnoll.
The gnoll is heavily wounded.
Prince Ribbit hits you.
* * * LOW HITPOINT WARNING * * *
The gnoll misses you. You block Prince Ribbit's attack.
You sock the gnoll! You freeze the gnoll.
You kill the gnoll!
Prince Ribbit barely misses you.
Prince Ribbit blinks!
You see here a +1 antimagic halberd.
Things that are here:
a +0 whip of draining; a +0 whip; a gnoll corpse You see here a +1 antimagic halberd.
Prince Ribbit blinks!
You completely miss Prince Ribbit.
Prince Ribbit hits you but does no damage.
Prince Ribbit blinks!
Prince Ribbit blinks!
You miss Prince Ribbit. Prince Ribbit hits you.
You die...

###############
********#########################
,,,,,,,,......§.@F..))..#########
********###############.#########
**,,,,,,,,******#######.#########
**,,,,,,,,*,,,,,#...F[...########
,,,,,,,,,,,,,,,,#.#####...(....##
**,,,,,,,,*,**,,*.#........##.###
,,,,,,,,,,*,**,,*.#........##.###
*********,*,**,,*.#.###....##....
*,,,,,,,,,,,**,,,................


You could see Prince Ribbit.

Vanquished Creatures
  Grinder (D:5)
  An ogre (D:4)
  A black bear (D:4)
  A scorpion (D:4)
  A hound (D:4)
  4 iguanas
  Robin (D:3)
  7 gnolls
  5 adders
  3 dart slugs
  A ribbon worm (D:2)
  3 orcs
  7 ball pythons
  7 endoplasms
  3 giant cockroaches
  10 hobgoblins
  2 jackals (D:3)
  4 kobolds
  A quokka (D:2)
  4 bats
  2 frilled lizards (D:1)
  16 goblins
  5 rats
90 creatures vanquished.

Notes
Turn   | Place    | Note
-------+----------+-------------------------------------------
     0 | D:1      | Dittersdorf the Gargoyle Fighter began the quest for the
                  | Orb.
     0 | D:1      | Reached XP level 1. HP: 14/14 MP: 1/1
   110 | D:1      | Reached XP level 2. HP: 15/19 MP: 2/2
   764 | D:2      | Reached XP level 3. HP: 24/24 MP: 3/3
  1164 | D:2      | Reached XP level 4. HP: 29/29 MP: 4/4
  1289 | D:2      | Found a sacrificial altar of Ru.
  1645 | D:3      | Found Piemeyma's Antique Weapon Shop.
  1694 | D:3      | Noticed Robin
  1801 | D:3      | Killed Robin
  2294 | D:3      | Reached XP level 5. HP: 33/33 MP: 5/5
  2622 | D:4      | Identified a scroll of acquirement
  2622 | D:4      | Acquired a +3 flail of protection
  2754 | D:4      | HP: 1/34 [gnoll/+0 halberd (12)]
  2758 | D:4      | Reached XP level 6. HP: 2/39 MP: 6/6
  3039 | D:4      | Found a transporter.
  3039 | D:4      | Noticed Cancer's ghost (amateur OpSh)
  3215 | D:4      | Reached skill level 5 in Armour
  3215 | D:4      | Reached skill level 5 in Shields
  3319 | D:4      | Reached skill level 5 in Fighting
  3342 | D:4      | Noticed a black bear
  3350 | D:4      | Killed a black bear
  3351 | D:4      | Reached XP level 7. HP: 42/44 MP: 7/7
  3533 | D:4      | Found a transporter.
  3587 | D:5      | Entered Level 5 of the Dungeon
  3587 | D:5      | Noticed Grinder
  3601 | D:5      | Paralysed by Grinder for 5 turns
  3607 | D:5      | Killed Grinder
  3608 | D:5      | HP: 1/44 [iguana (5)]
  3784 | D:5      | Noticed Prince Ribbit
  3800 | D:5      | HP: 2/44 [Prince Ribbit (2)]
  3814 | D:5      | Slain by Prince Ribbit

Illustrated notes

Levels and vault maps discovered:
D:1:      evilmike_arrival_fibonacci_small, layout_basic
D:2:      layout_basic, basic_altar, grunt_decor_arrowhead,
          grunt_decor_one_mirror
D:3:      layout_loops_corners, serial_shops, shop_coins, uniq_robin
D:4:      layout_loops_ring, gammafunk_ghost_mausoleum
D:5:      layout_basic, uniq_eustachio, uniq_grinder, uniq_prince_ribbit1,
          uniq_duvessa

Skill      XL: |  1  2  3  4  5  6 |
---------------+-------------------+-----
Shields        | 4 5 |  5.7
Armour         | 4 5 |  5.7
Fighting       | 4 5 |  5.6
Maces & Flails | 3 4 |  4.6

Action                     |  1- 3 |  4- 6 |  7- 9 || total
---------------------------+-------+-------+-------++-------
  Melee: Flail             |    47 |    51 |    33 ||   131
         Whip              |    42 |    74 |       ||   116
    Use: Scroll            |       |     7 |     3 ||    10
 Armour: Scale mail        |    68 |    82 |    37 ||   187
  Dodge: Dodged            |    34 |    56 |    18 ||   108
  Block: Buckler           |    23 |    28 |     6 ||    57

Table legend: (Time is in decaauts)
 A = Elapsed time spent in this place.
 B = Non-inter-level travel time spent in this place.
 C = Inter-level travel time spent in this place.
 D = Time resting spent in this place.
 E = Time spent auto-exploring this place.
 F = Levels seen in this place.
 G = Mean time per level.
                   A        B        C        D        E       F      G
               +--------+--------+--------+--------+--------+-----+--------+
         Total |   3847 |   3664 |    183 |    569 |   2495 |   5 |  769.4 |
       Dungeon |   3847 |   3664 |    183 |    569 |   2495 |   5 |  769.4 |
               +--------+--------+--------+--------+--------+-----+--------+

Top non-repeatable levels by time:
     D:3: 976 daAuts
     D:4: 953 daAuts
     D:2: 891 daAuts
     D:1: 794 daAuts
     D:5: 233 daAuts
